 Dungeon Crawl Stone Soup version 0.30-a0-168-g0b976cbdc4 (webtiles) character file.

Game seed: 7230803563848194677

162 qw the Chopper (level 5, -3/32 HPs)
             Began as a Gargoyle Fighter on Sept 29, 2022.
             Killed by divine providence
             ... invoked by an orc priest
              (12 damage)
             ... on level 3 of the Dungeon.
             The game lasted 00:01:00 (2936 turns).

qw the Chopper (Gargoyle Fighter)                   Turns: 2936, Time: 00:01:01

Health: -3/32      AC: 12    Str: 21    XL:     5   Next: 43%
Magic:  0/5        EV:  9    Int:  9    God:
Gold:   169        SH:  6    Dex:  9    Spells: 4/4 levels left

rFire   . . .      SeeInvis .    Y - +1 war axe
rCold   . . .      Faith    .    n - +2 buckler
rNeg    + . .      Spirit   +    b - +0 scale mail
rPois   inf        Reflect  .    (no helmet)
rElec   +          Harm     .    (no cloak)
rCorr   .          Rampage  .    (no gloves)
Will    .....                    j - +0 pair of boots
Stlth   ..........               o - amulet of guardian spirit
HPRegen 0.10/turn                (no ring)
MPRegen 0.09/turn                (no ring)

@: no status effects
A: sickness immunity, AC +4, negative energy resistance 1, electricity
resistance, torment resistance 1, petrification resistance
a: no special abilities


You were on level 3 of the Dungeon.
You visited 1 branch of the dungeon, and saw 3 of its levels.

You collected 169 gold pieces.


Innate Abilities, Weirdness & Mutations

You are immune to sickness and miasma.
Your stone body is resilient. (AC +4)
You are immune to poison.
You resist negative energy. (rN+)
You are resistant to electric shocks. (rElec)
You are resistant to unholy torment.
You are immune to petrification.


   Skills:
 + Level 3.3 Fighting
 - Level 5.0 Axes
 - Level 3.2 Armour
 - Level 3.2 Shields


You had 4 spell levels left.
You didn't know any spells.
Your spell library was empty.

Inventory:

Hand Weapons
 p - a +0 whip
 Y - a +1 war axe (weapon)
Missiles
 i - 4 boomerangs (quivered)
Armour
 b - a +0 scale mail (worn)
 j - a +0 pair of boots (worn)
 n - a +2 buckler (worn)
Jewellery
 o - an amulet of guardian spirit (around neck)
Scrolls
 f - a scroll of identify
Potions
 d - a potion of might
 k - a potion of attraction
 l - a potion of resistance {unknown}
 m - 2 potions of heal wounds
 q - a potion of curing {unknown}

Dungeon Overview and Level Annotations

Branches:
Dungeon (3/15)

Altars:


Message History

The adder is severely wounded.
The adder bites you but does no damage. The adder barely misses you.
You slash the adder!
You kill the adder!
Your Axes skill increases to level 5!
An orc priest comes into view. It is wielding a +0 club.
The orc priest shouts!
You hear a shout! x3
An orc comes into view. It is wielding a +0 club.
Found a stone staircase leading down.
The orc shouts!
The orc priest calls down the wrath of Beogh upon you.
Beogh smites you!
An orc priest comes into view. It is wielding a +0 dagger.
The orc priest miscasts a cantrip.
You hit the orc priest.
The orc priest is moderately wounded.
The orc priest hits you but does no damage.
You hit the orc but do no damage.
The orc priest invokes the aid of Beogh against you.
Beogh smites you! The orc completely misses you.
An orc comes into view.
It is wielding a +0 flail and quivering silver boomerangs.
You barely miss the orc.
An orc comes into view. It is wielding a +0 dagger.
The orc hits you with a +0 club.
The orc throws a silver boomerang.
The silver boomerang closely misses you.
You slash the orc!
You kill the orc!
The orc throws a silver boomerang.
The silver boomerang hits you but does no damage.
The orc priest calls down the wrath of Beogh upon you.
You are unaffected.
You closely miss the orc priest.
The orc priest is moderately wounded.
The orc priest closely misses you.
You barely miss the orc priest.
The orc priest is moderately wounded.
The orc priest hits you with a +0 club.
The orc priest mumbles some strange prayers to Beogh against you.
Beogh smites you!
You die...

#.. #.####### #.#.....#
#.#.###.# ##.......#
#### ##....##..# #..
....##....# #.# #
.#...#.##.#####.##.##.#
................@oo..>#
.#<....##.#####.##o##.#
###.....#.# #o# #
...###.#.# ... ..##
.#.# #..## ... .... ..#
##### ###


You could see 2 orc priests and 2 orcs.

Vanquished Creatures
  Jessica (D:3)
  6 adders
  2 worms (D:2)
  A dart slug (D:2)
  An orc (D:3)
  6 ball pythons (D:1)
  5 endoplasms
  5 giant cockroaches
  11 goblins
  7 hobgoblins
  5 jackals (D:2)
  4 quokkas
  6 bats
  5 frilled lizards
  2 kobolds
67 creatures vanquished.

Vanquished Creatures (others)
  2 plants (D:1)
2 creatures vanquished.

Grand Total: 69 creatures vanquished

Notes
Turn   | Place    | Note
-------+----------+-------------------------------------------
     0 | D:1      | qw the Gargoyle Fighter began the quest for the Orb.
     0 | D:1      | Reached XP level 1. HP: 14/14 MP: 1/1
     0 | D:1      | 0 ||| qw: Version: 0.2-a-12-gaebbb33
     0 | D:1      | 0 ||| qw: Game counter: 1139
     0 | D:1      | 0 ||| qw: Always use a shield: true
     0 | D:1      | 0 ||| qw: God list: Okawaru
     0 | D:1      | 0 ||| qw: Allow faded altars: false
     0 | D:1      | 0 ||| qw: Do Orc after D:15 true
     0 | D:1      | 0 ||| qw: Do second Lair branch before Depths: true
     0 | D:1      | 0 ||| qw: Lair rune preference: random
     0 | D:1      | 0 ||| qw: Plans: Normal, Zot:1-4, God:TSO, Crypt, Tomb,
                  | Pan, Slime:5, Hells, Abyss, Orb
     0 | D:1      | 0 ||| PLANNING D:1-11
    53 | D:1      | Found a faded altar of an unknown god.
    62 | D:1      | Reached skill level 2 in Axes
   177 | D:1      | Reached XP level 2. HP: 19/19 MP: 2/2
   466 | D:1      | 466 ||| Stepping ~*~*~tactically~*~*~ (stealth).
   595 | D:1      | Reached skill level 3 in Axes
   610 | D:1      | HP: 2/19 [quokka (4)]
   612 | D:1      | Reached XP level 3. HP: 3/23 MP: 3/3
  1194 | D:1      | 1194 ||| DROPPING +0 club.
  1206 | D:1      | 1206 ||| UPGRADING to +0 pair of boots.
  1211 | D:1      | 1211 ||| UPGRADING to +2 buckler.
  1221 | D:1      | 1221 ||| DROPPING +0 buckler.
  1222 | D:1      | 1222 ||| DROPPING ring of wizardry.
  1223 | D:1      | 1223 ||| READING scroll labelled KUGHUM SEFREEG.
  1224 | D:1      | 1224 ||| READING 2 scrolls labelled YRHAGE ZIEBE.
  1225 | D:1      | 1225 ||| READING scroll labelled HOETUI ETHRIFI.
  1228 | D:1      | 1228 ||| READING scroll labelled SILEYF BAEFUCU.
  1229 | D:1      | 1229 ||| READING 3 scrolls labelled ERELARR EJAASUNU.
  1330 | D:1      | 1330 ||| DRINKING 2 glowing emerald potions.
  1331 | D:1      | 1331 ||| DROPPING 2 scrolls of silence.
  1850 | D:2      | Reached XP level 4. HP: 28/28 MP: 4/4
  2048 | D:2      | Reached skill level 4 in Axes
  2469 | D:2      | 2469 ||| Stepping ~*~*~tactically~*~*~ (stealth).
  2641 | D:2      | 2641 ||| UPGRADING to amulet of guardian spirit.
  2646 | D:2      | 2646 ||| READING scroll labelled SOULORECKA.
  2647 | D:2      | 2647 ||| READING scroll labelled XOGATITIACE.
  2648 | D:2      | 2648 ||| READING scroll labelled GEDEM LUEC.
  2649 | D:2      | 2649 ||| READING scroll labelled FIUPUKHL BOTAMYUNA.
  2650 | D:2      | 2650 ||| READING scroll labelled OMAOR XOHAOTH.
  2651 | D:2      | 2651 ||| READING 2 scrolls of identify.
  2651 | D:2      | 2651 ||| IDENTIFYING green potion
  2697 | D:3      | Noticed Jessica
  2706 | D:3      | Killed Jessica
  2707 | D:3      | Reached XP level 5. HP: 25/32 MP: 3/5
  2736 | D:3      | 2736 ||| FLEEEEING.
  2737 | D:3      | 2737 ||| FLEEEEING.
  2738 | D:3      | 2738 ||| FLEEEEING.
  2739 | D:3      | 2739 ||| STAIRDANCE
  2786 | D:3      | 2786 ||| Stepping ~*~*~tactically~*~*~ (stealth).
  2808 | D:3      | 2808 ||| Stepping ~*~*~tactically~*~*~ (stealth).
  2809 | D:3      | 2809 ||| Stepping ~*~*~tactically~*~*~ (stealth).
  2923 | D:3      | Reached skill level 5 in Axes
  2936 | D:3      | Killed from afar by an orc priest

Levels and vault maps discovered:
D:1:      dpeg_arrival_orchard, layout_basic,
          shapermc_ecumenical_altar_mp_ritualfount
D:2:      minmay_razor_zed, layout_loops_corners
D:3:      layout_basic, minmay_bisected, uniq_robin, uniq_jessica

Skill      XL: |  1  2  3  4  5 |
---------------+----------------+-----
Axes           | 2 3 4 5 |  5.0
Fighting       | |  3.3
Armour         | |  3.2
Shields        | |  3.2

Action                   |  1- 3 |  4- 6 || total
-------------------------+-------+-------++-------
Melee: War axe           |   108 |   100 ||   208
Throw: Boomerang         |       |     9 ||     9
  Use: Scroll            |     5 |     6 ||    11
       Potion            |     1 |       ||     1
Armor: Scale mail        |    50 |    50 ||   100
Dodge: Dodged            |    42 |    49 ||    91
Block: Buckler           |    24 |    24 ||    48

Table legend:
 A = Non-vault XP
 B = Vault XP
 C = Vault XP percentage of total XP
 D = Non-vault monster count
 E = Vault monster count
 F = Vault count percentage of total count
                 A         B        C        D         E       F
            +---------+---------+-------+---------+---------+-------
      Total |     150 |      82 |  35.3 |      51 |      16 |  23.9
            +---------+---------+-------+---------+---------+-------
        D:1 |      53 |       0 |   0.0 |      31 |       0 |   0.0
        D:2 |      64 |      37 |  36.6 |      15 |      11 |  42.3
        D:3 |      33 |      45 |  57.7 |       5 |       5 |  50.0
            +---------+---------+-------+---------+---------+-------
